 Dungeon Crawl Stone Soup version 0.27.1-33-g824d729ab1 (webtiles) character file.

Game seed: 17418077411678410416

11 Descartes the Grasshopper (level 2, 0/13 HPs)
             Began as a Felid Warper on Nov 24, 2021.
             Constricted to death by a ball python (1 damage)
             ... on level 1 of the Dungeon.
             The game lasted 00:02:10 (758 turns).

Descartes the Grasshopper (Felid Warper)             Turns: 758, Time: 00:02:11

Health: 0/13       AC:  1    Str:  7    XL:     2   Next: 17%
Magic:  6/6        EV: 15    Int: 14    God:
Gold:   12         SH:  0    Dex: 15    Spells: 5/5 levels left
                                        Lives:  0   Deaths: 0

rFire    . . .     SeeInvis +     - Unarmed
rCold    . . .     Faith    .   (shield unavailable)
rNeg     . . .     Spirit   .   (armour unavailable)
rPois    .         Reflect  .   (helmet unavailable)
rElec    .         Harm     .   (cloak unavailable)
rCorr    .         Rampage  .   (gloves unavailable)
Will     .....                  (boots unavailable)
Stlth    +.........             (no amulet)
HPRegen  0.04/turn              (no ring)
MPRegen  0.10/turn              (no ring)

@: constricted, quick
A: very small, claws 1, fangs 3, see invisible, speed 1, shaggy fur 1, stealthy
paws, no weapons or thrown items, no armour, multi-lived
a: no special abilities


You were on level 1 of the Dungeon.
You visited 1 branch of the dungeon, and saw 1 of its levels.

You collected 12 gold pieces.

Inventory:

Missiles
 b - 18 stones
Scrolls
 a - a scroll of blinking
 d - a scroll of immolation {unknown}
 g - a scroll of identify {unknown}
Potions
 c - a potion of brilliance {unknown}
 e - 2 potions of flight {unknown}
 f - a potion of lignification {unknown}


   Skills:
 - Level 2.0 Fighting
 * Level 4.0 Dodging
 + Level 2.3 Unarmed Combat
 - Level 2.0 Spellcasting
 - Level 4.4 Translocations


You had 5 spell levels left.
You didn't know any spells.
Your spell library contained the following spells:

 Spells                   Type           Power      Damage    Failure   Level
 Blink                    Tloc           N/A        N/A       6%          2
 Gell's Gravitas          Tloc           6%         N/A       12%         3
 Lesser Beckoning         Tloc           6%         N/A       12%         3
 Teleport Other           Tloc           13%        N/A       12%         3
 Manifold Assault         Tloc           13%        N/A       73%         5


Dungeon Overview and Level Annotations

Branches:
Dungeon (1/15)

Altars:

Shops:
D:1 [(?=


Innate Abilities, Weirdness & Mutations

You have sharp claws.
You have razor-sharp teeth.
You have supernaturally acute eyesight. (SInv)
You cover ground quickly. (Speed+)
You are covered in fur. (AC +1)
Your paws help you pounce on unaware monsters.
You are incapable of wielding weapons or throwing items.
You cannot wear armour.
You gain extra lives every three experience levels.


Message History

The giant cockroach is severely wounded.
The giant cockroach bites you but does no damage.
You scratch the giant cockroach.
You kill the giant cockroach!
The ball python closely misses you. The ball python completely misses you.
Your Dodging skill increases to level 4!
You barely miss the ball python. The ball python bites you.
The ball python grabs you. The ball python constricts you.
You barely miss the ball python. The ball python closely misses you.
The ball python constricts you.
You closely miss the ball python. The ball python bites you.
The ball python constricts you.
You barely miss the ball python. The ball python barely misses you.
The ball python constricts you.
You are too injured to fight recklessly!
You are too injured to fight recklessly!
You are too injured to fight recklessly!
You are too injured to fight recklessly!
You are too injured to fight recklessly!
You are too injured to fight recklessly!
You are too injured to fight recklessly!
You are too injured to fight recklessly!
You are too injured to fight recklessly!
You are too injured to fight recklessly!
You are too injured to fight recklessly!
You are too injured to fight recklessly!
You are too injured to fight recklessly!
You are too injured to fight recklessly!
You are too injured to fight recklessly!
You are too injured to fight recklessly!
You are too injured to fight recklessly!
You barely miss the ball python. The ball python bites you.
The ball python constricts you.
* * * LOW HITPOINT WARNING * * *
You scratch the ball python.
The ball python is moderately wounded.
The ball python bites you.
* * * LOW HITPOINT WARNING * * *
The ball python constricts you.
You die...

......# ##.∩......###..#
......# ##............#
......######.......###.##
......#............#.#.#
#†....#.#######'#.#..#.#
#.##.## #.#.#..#.# #.# .#
#.#....#.# ..# #.######.# ..#
#.@S.....# ..# #############
..#### ####...........####
#>...####...#####+#####...###
.....##..#####≈≈≈§≈§≈#####..##
######.### #§≈§.....≈≈≈#
###.## #.## #......§....# ##.#
##.# ######†###### #.# #.## ##
####8'8#### #####.##


You could see a ball python.

Vanquished Creatures
  An endoplasm (D:1)
  2 giant cockroaches (D:1)
  A goblin (D:1)
  3 hobgoblins (D:1)
  A frilled lizard (D:1)
  2 kobolds (D:1)
10 creatures vanquished.

Notes
Turn   | Place    | Note
-------+----------+-------------------------------------------
     0 | D:1      | Descartes the Felid Warper began the quest for the Orb.
     0 | D:1      | Reached XP level 1. HP: 9/9 MP: 4/4
   235 | D:1      | Found Hacoxa's Weapon Shoppe.
   444 | D:1      | Found Popa's Armour Emporium.
   620 | D:1      | Found Zuikaamu's Magic Scroll Boutique.
   630 | D:1      | Reached XP level 2. HP: 13/13 MP: 6/6
   640 | D:1      | Found a faded altar of an unknown god.
   693 | D:1      | Found Otorr's Jewellery Shoppe.
   758 | D:1      | Constricted to death by a ball python

Illustrated notes

Levels and vault maps discovered:
D:1:      dpeg_arrival_morbid_curiosity, layout_basic,
          dreamdust_ecumenical_altar_grove, serial_shops, shop, shop, shop,
          nicolae_shop_behind_doors

Skill      XL: |  1  2 |
---------------+-------+-----
Dodging        | 4 |  4.0
Fighting       | |  2.0
Unarmed Combat | |  2.3
Spellcasting   | |  2.0
Translocations | |  4.4

Action                   || total
-------------------------++-------
Melee: Unarmed           ||    37
       Bite              ||     1
 Stab: Sleeping          ||     1
Armor: Skin              ||     4
Dodge: Dodged            ||    20
